 Dungeon Crawl Stone Soup version 0.22-a0-571-g4a923d4 (webtiles) character file.

137 iamserjio the Covered (level 5, -5/33 HPs)
             Began as a Gargoyle Fighter on July 1, 2018.
             Killed by divine providence
             ... invoked by an orc priest
              (10 damage)
             ... on level 4 of the Dungeon.
             The game lasted 00:02:27 (334 turns).

iamserjio the Covered (Gargoyle Fighter)             Turns: 334, Time: 00:02:28

Health: -5/33      AC: 12    Str: 20    XL:     5   Next: 20%
Magic:  5/5        EV:  7    Int:  8    God:
Gold:   62         SH:  9    Dex: 10    Spells: 4/4 levels left

rFire    . . .     SeeInvis .   a - +0 war axe
rCold    . . .     Gourm    .   c - +0 shield
rNeg     + . .     Faith    .   b - +0 scale mail
rPois    ∞         Spirit   .   (no helmet)
rElec    +         Reflect  .   (no cloak)
rCorr    .         Harm     .   d - +0 pair of gloves
MR       .....                  (no boots)
Stlth    ..........             (no amulet)
HPRegen  0.11/turn              (no ring)
MPRegen  0.09/turn              (no ring)

@: hasted, very quick
A: negative energy resistance 1, electricity resistance, unbreathing,
petrification resistance, rot immunity, AC +4
a: no special abilities


You were on level 4 of the Dungeon.
You were not hungry.

You visited 1 branch of the dungeon, and saw 5 of its levels.

You collected 62 gold pieces.

Inventory:

Hand Weapons
 a - a +0 war axe (weapon)
Missiles
 e - a throwing net (quivered) {!f}
Armour
 b - a +0 scale mail (worn)
 c - a +0 shield (worn)
 d - a +0 pair of gloves (worn)
Comestibles
 f - 6 rations


   Skills:
 + Level 4.0 Fighting
 * Level 3.2 Axes
 + Level 4.0 Armour
 + Level 4.0 Shields


You had 4 spell levels left.
You didn't know any spells.
Your spell library was empty.

Dungeon Overview and Level Annotations

Branches:
Dungeon (5/15)
 Temple: D:4-7

Altars:

Shops:
D:5 :


Innate Abilities, Weirdness & Mutations

You are resistant to torment.
Your stone body is resilient. (AC +4)
You are immune to poison.
You resist negative energy. (rN+)
You are resistant to electric shocks. (rElec)
You can survive without breathing.
You are immune to petrification.
You are immune to rotting.


Message History

An orc comes into view.
The orc shouts! x2; You hear a shout!
An orc comes into view. It is wielding a morningstar.
The orc shouts!
There is a stone staircase leading down here.
You climb downwards.
A worm, an orc, 2 orc priests and an orc wizard come into view.
The orc priest shouts!
The orc shouts!
Found five items.
Found Nafun's Book Boutique.
There is a stone staircase leading up here.
You climb upwards.
The orc shouts!
The orc hits you but does no damage.
There is a stone staircase leading down here.
The orc priest hits you but does no damage.
You slash the orc!
You kill the orc!
The orc priest calls down the wrath of Beogh upon you.
Beogh smites you!
You die...

# #. ########## #..####
#........###
###.....#####........#<#
#......o†@..#........#.#
#.#..##s###.#........#.#
# ..oo.............#.#
...$....s.........#†#
....................#.#
............†.......#.#
.##......................
#....[.......###.##.#..
.###.##..#### # ##....


You could see a scorpion, an orc priest and an orc.

Vanquished Creatures
  Natasha (D:2)
  A worker ant (D:4)
  A hound skeleton (D:3)
  4 adders
  2 worms (D:3)
  2 dart slugs (D:3)
  A leopard gecko (D:4)
  An orc (D:4)
  3 bats
  2 hobgoblins
  8 jackals
  A goblin (D:3)
  2 kobolds
  4 rats
33 creatures vanquished.

Notes
Turn   | Place    | Note
-------+----------+-------------------------------------------
     0 | D:1      | iamserjio the Gargoyle Fighter began the quest for the Orb.
     0 | D:1      | Reached XP level 1. HP: 14/14 MP: 1/1
    67 | D:2      | Reached XP level 2. HP: 17/19 MP: 2/2
   112 | D:2      | Noticed Natasha
   116 | D:2      | Killed Natasha
   116 | D:2      | Reached XP level 3. HP: 23/23 MP: 3/3
   180 | D:3      | Reached XP level 4. HP: 24/29 MP: 4/4
   314 | D:4      | Reached XP level 5. HP: 4/33 MP: 5/5
   329 | D:5      | Entered Level 5 of the Dungeon
   329 | D:5      | Found Nafun's Book Boutique.
   334 | D:4      | Killed from afar by an orc priest

Vault maps used:
D:1:      eino_arrival_cavern_a
D:2:      lemuel_blue_sif_altar, uniq_natasha, uniq_jessica, uniq_sigmund
D:3:      chequers_temple_overflow_statue_of_worship, minitemple,
          minmay_goblin_kobold_house
D:4:      corexii_shack_village, uniq_grinder, uniq_blork_the_orc
D:5:      serial_shops, shop, shop, shop, first_ration,
          makhleb_heckhound_becter, uniq_duvessa, uniq_pikel

Skill      XL: |  1  2  3  4 |
---------------+-------------+-----
Axes           | 2 3 |  3.2
Fighting       | 4 |  4.0
Armour         | 4 |  4.0
Shields        | 4 |  4.0

Action                   |  1- 3 |  4- 6 || total
-------------------------+-------+-------++-------
Melee: War axe           |    42 |    52 ||    94
  Use: Potion            |     1 |     1 ||     2
Armor: Scale mail        |    36 |    47 ||    83
Dodge: Dodged            |    32 |    31 ||    63
Block: Shield            |    38 |    40 ||    78

Table legend:
 A = Spawn XP
 B = Non-spawn XP
 C = Spawn XP percentage of total XP
 D = Spawn monster count
 E = Non-spawn monster count
 F = Spawn count percentage of total count
 G = Total turns spent on level
                    A         B        C        D         E        F      G
               +---------+---------+-------+---------+---------+-------+---------
         Total |       0 |     196 |   0.0 |       0 |      33 |   0.0 |   334
               +---------+---------+-------+---------+---------+-------+---------
           D:2 |       0 |      75 |   0.0 |       0 |      10 |   0.0 |   119
           D:3 |       0 |      83 |   0.0 |       0 |      20 |   0.0 |   117
           D:4 |       0 |      38 |   0.0 |       0 |       3 |   0.0 |    42
               +---------+---------+-------+---------+---------+-------+---------
